 Dungeon Crawl Stone Soup version 0.29.1-2-gbd0b4ee654 (webtiles) character file.

Game seed: 17932335230896964887

17567 raph the Impaler (level 12, -4/110 HPs)
             Began as a Minotaur Fighter on Oct 31, 2022.
             Was a High Priest of Zin.
             Slain by a black mamba (12 damage)
             ... on level 2 of the Lair of Beasts.
             The game lasted 00:17:11 (15289 turns).

raph the Impaler (Minotaur Fighter)                Turns: 15289, Time: 00:17:12

Health: -4/110     AC: 20    Str: 30    XL:     12   Next: 20%
Magic:  17/17      EV: 25    Int: 12    God:    Zin [*****.]
Gold:   628        SH:  0    Dex: 13    Spells: 11/11 levels left

rFire   + . .      SeeInvis .   b - +1 trident
rCold   + + +      Faith    .   (no shield)
rNeg    . . .      Spirit   .   M - +3 plate armour "Omerior" {rC++ Str+4 Dex-3}
rPois   ∞          Reflect  .   e - +1 hat
rElec   .          Harm     .   y - +0 cloak
rCorr   .          Rampage  .   n - +0 pair of gloves
Will    +....                   (no boots)
Stlth   ..........              i - amulet of the acrobat
HPRegen 0.28/turn               D - ring of protection from fire
MPRegen 0.15/turn               w - ring of Poso {rC+ Will+ Int+4 Stlth+}

@: vitalised, acrobatic
A: horns 2, retaliatory headbutt
a: Renounce Religion, Recite, Vitalisation, Imprison, Sanctuary, Donate Gold


You were on level 2 of the Lair of Beasts.
You worshipped Zin.
Zin was extremely pleased with you.
You visited 4 branches of the dungeon, and saw 16 of its levels.

You collected 832 gold pieces.
You donated 204 gold pieces to Zin.

Inventory:

Hand Weapons
 a - a +5 glaive of venom
 b - a +1 trident (weapon)
 I - a +0 halberd
Missiles
 f - 33 poisoned darts
 g - 13 boomerangs (quivered)
 v - 10 curare-tipped darts
Armour
 c - a +0 buckler
 e - a +1 hat (worn)
 n - a +0 pair of gloves (worn)
 s - a +0 chain mail
 y - a +0 cloak (worn)
 M - the +3 plate armour "Omerior" (worn) {rC++ Str+4 Dex-3}
   (You found it on level 9 of the Dungeon)

   Str:       It affects your strength (+4).
   Dex:       It affects your dexterity (-3).
   rC:        It greatly protects you from cold.
 N - +0 acid dragon scales
Jewellery
 i - an amulet of the acrobat (around neck)
 l - a ring of magical power
 o - a ring of fire
 u - a ring of willpower
 w - the ring of Poso (right hand) {rC+ Will+ Int+4 Stlth+}
   (You acquired it on level 5 of the Dungeon)

   [ring of protection from cold]

   Int:       It affects your intelligence (+4).
   rC:        It protects you from cold.
   Will:      It increases your willpower.
   Stlth:     It makes you more stealthy.
 D - a ring of protection from fire (left hand)
 H - a ring of magical power
 L - a ring of ice
Wands
 B - a wand of quicksilver (7)
 K - a wand of mindburst (5)
 Q - a wand of flame (4)
 R - a wand of roots (3)
 U - a wand of paralysis (5)
Scrolls
 x - 5 scrolls of fear
 z - a scroll of identify
 F - 6 scrolls of teleportation
 G - 2 scrolls of butterflies
 S - a scroll of amnesia
Potions
 d - 2 potions of might
 h - 7 potions of curing
 j - 3 potions of flight
 m - 2 potions of brilliance
 p - 2 potions of lignification {unknown}
 r - 2 potions of invisibility {unknown}
 t - a potion of cancellation {unknown}
 A - a potion of experience {unknown}
 C - 2 potions of attraction
 E - a potion of resistance {unknown}
 P - 4 potions of mutation
 T - 8 potions of ambrosia
Miscellaneous
 J - a lightning rod (4/4)
 O - a tin of tremorstones (2/2)


   Skills:
 + Level 11.6 Fighting
 * Level 15.4 Polearms
 + Level 8.4 Armour
 + Level 6.7 Dodging
 - Level 3.7 Shields
 * Level 8.9 Invocations


You had 11 spell levels left.
You didn't know any spells.
Your spell library contained the following spells:

 Spells                   Type           Power      Damage    Failure   Level
 Foxfire                  Conj/Fire      0%         2x1d4     95%         1
 Magic Dart               Conj           0%         1d3       95%         1
 Blink                    Tloc           0%         N/A       98%         2
 Call Imp                 Summ           0%         N/A       98%         2
 Ensorcelled Hibernation  Hex/Ice        0%         N/A       98%         2
 Passwall                 Tmut/Erth      0%         N/A       98%         2
 Conjure Flame            Conj/Fire      0%         6-21      100%        3
 Inner Flame              Hex/Fire       0%         N/A       100%        3
 Lesser Beckoning         Tloc           0%         N/A       100%        3
 Mephitic Cloud           Conj/Pois/Air  0%         N/A       100%        3
 Ozocubu's Armour         Ice            0%         N/A       100%        3
 Swiftness                Air            0%         N/A       100%        3
 Cause Fear               Hex            0%         N/A       100%        4
 Flame Wave               Conj/Fire      0%         2d4       100%        4
 Manifold Assault         Tloc           0%         N/A       100%        5
 Dragon Form              Tmut           0%         N/A       100%        7
 Ozocubu's Refrigeration  Ice            0%         4d7       100%        7
 Dragon's Call            Summ           0%         N/A       100%        9


Dungeon Overview and Level Annotations

Branches:
Dungeon (12/15)            Temple (1/1) D:5            Lair (2/5) D:11
  Snake (0/4) Lair:2          Orc (1/2) D:10
  Swamp: Lair:2-3    Shoals: Lair:2-3

Altars:
Ashenzari
Cheibriados
Dithmenos
Elyvilon
Fedhas
Gozag
Hepliaklqana
Kikubaaqudgha
Makhleb
Nemelex Xobeh
Okawaru
Qazlal
Ru
Sif Muna
Trog
Uskayaw
Vehumet
Wu Jian
Xom
Yredelemnul
Zin
The Shining One

Shops:
D:12 =

Annotations:
D:6 3 runed translucent doors, Coyote68's ghost, novice HOFi
D:10 exclusion: statue


Innate Abilities, Weirdness & Mutations

You have a pair of horns on your head.
You reflexively headbutt those who attack you in melee.


Message History

* * * LOW HITPOINT WARNING * * *
The ten-headed hydra misses you. x2; The ten-headed hydra bites you.
* * * LOW HITPOINT WARNING * * *
The ten-headed hydra bites you but does no damage. x2
The ten-headed hydra barely misses you. The ten-headed hydra bites you.
* * * LOW HITPOINT WARNING * * *
The ten-headed hydra bites you but does no damage.
The black mamba bites you but does no damage.
You puncture the ten-headed hydra!
You kill the ten-headed hydra!
The black mamba bites you.
* * * LOW HITPOINT WARNING * * *
Your divine stamina protects you from poison!
The black mamba barely misses you. The black mamba bites you!
Zin protects you from harm!
The black mamba attacks as you move away!
The black mamba bites you but does no damage. x2
The black mamba closely misses you. You furiously retaliate!
You headbutt the black mamba. The black mamba barely misses you.
You furiously retaliate!
You headbutt the black mamba!
The black mamba attacks as you move away!
The black mamba closely misses you. You furiously retaliate!
You headbutt the black mamba!
As you read the scroll of fear, it crumbles to dust.
You assume a fearsome visage.
The black mamba looks frightened! x3
The six-headed hydra looks frightened!
The black mamba attacks as you move away!
The black mamba closely misses you. You furiously retaliate!
You headbutt the black mamba! The black mamba completely misses you.
You furiously retaliate!
You headbutt the black mamba!
The black mamba bites you but does no damage.
The black mamba attacks as you move away!
The black mamba bites you.
* * * LOW HITPOINT WARNING * * *
The black mamba closely misses you.
The black mamba attacks as you move away!
The black mamba completely misses you. The black mamba bites you!
You die...

# ###.# #.####...####
##..........# #P..........##
#............## ##............##
.......<........ .#............#
#......@...P## #.#####S...## #
#..#### #...## #+# #######..##
##..# ####..##.#F..#
#..#.##.##..........###
#......##.............# ####+##
#...S.................###......#


You could see a black mamba and a cane toad.

Vanquished Creatures
  3 hydras
  2 two-headed ogres
  A black mamba (Lair:2)
  A guardian serpent (D:11)
  2 cane toads (Lair:1)
  3 komodo dragons
  A troll (D:11)
  A queen bee (Lair:1)
  Grinder (D:3)
  6 blink frogs (Lair:1)
  24 yaks
  3 vampire mosquitoes (D:11)
  A basilisk (D:11)
  2 steam dragons
  Menkaure (D:7)
  Duvessa (D:7)
  An acid dragon (D:10)
  7 water moccasins
  6 orc warriors
  A hornet zombie (D:6)
  An ice beast (D:6)
  3 sky beasts
  2 ogres
  6 black bears
  5 centaurs
  3 phantoms
  5 bullfrogs
  2 kobold brigands
  2 necrophages (D:6)
  2 water moccasin zombies (D:6)
  2 scorpions
  3 wights (D:9)
  Dowan (D:7)
  23 killer bees
  An electric eel (Lair:1)
  A vampire bat (D:5)
  3 centaur zombies (D:6)
  2 jellies (D:5)
  4 orc priests
  2 hounds
  A bullfrog skeleton (D:6)
  3 iguanas
  14 orc wizards
  5 gnolls
  10 adders
  A shadow imp (D:5)
  A white imp (D:8)
  3 ufetubi
  2 worms (D:2)
  A dart slug (D:4)
  3 fire bats (D:5)
  48 orcs
  2 spectral bats (D:5)
  8 ball pythons
  14 bats
  3 bat skeletons (D:5)
  A bat zombie (D:5)
  4 endoplasms
  4 giant cockroaches
  7 goblins
  11 hobgoblins
  3 jackals (D:1)
  4 quokkas
  A bat simulacrum (D:5)
  3 frilled lizards
  16 kobolds
  3 rats
  A spectral orc (D:4)
318 creatures vanquished.

Vanquished Creatures (others)
  An orc wizard (D:10)
  36 fungi
  42 plants
79 creatures vanquished.

Grand Total: 397 creatures vanquished

Notes
Turn   | Place    | Note
-------+----------+-------------------------------------------
     0 | D:1      | raph the Minotaur Fighter began the quest for the Orb.
     0 | D:1      | Reached XP level 1. HP: 19/19 MP: 0/0
   203 | D:1      | Reached XP level 2. HP: 27/27 MP: 1/1
   220 | D:1      | Reached skill level 3 in Polearms
   381 | D:1      | Found a faded altar of an unknown god.
   935 | D:2      | Reached XP level 3. HP: 33/33 MP: 2/2
  1199 | D:2      | Found a shimmering altar of Xom.
  1539 | D:2      | Reached skill level 4 in Polearms
  1679 | D:2      | Reached XP level 4. HP: 40/41 MP: 3/3
  2260 | D:3      | Noticed Grinder
  2268 | D:3      | Killed Grinder
  2269 | D:3      | Reached skill level 5 in Fighting
  2269 | D:3      | Reached skill level 6 in Polearms
  2269 | D:3      | Reached XP level 5. HP: 45/48 MP: 4/4
  2269 | D:3      | Reached XP level 6. HP: 53/56 MP: 5/5
  3036 | D:3      | Reached skill level 7 in Polearms
  3554 | D:4      | Reached XP level 7. HP: 57/63 MP: 6/6
  3752 | D:4      | Reached skill level 8 in Polearms
  4093 | D:4      | Found a basalt altar of Yredelemnul.
  4181 | D:5      | Entered Level 5 of the Dungeon
  4438 | D:5      | Found a staircase to the Ecumenical Temple.
  4543 | Temple   | Entered the Ecumenical Temple
  4675 | Temple   | Became a worshipper of Zin the Law-Giver
  4675 | Temple   | Reached * piety under Zin
  4694 | D:5      | Donated 121 gold pieces to Zin
  4701 | D:5      | Identified a scroll of acquirement
  4701 | D:5      | Acquired the ring of Poso {rC+ Will+ Int+4 Stlth+}
  5013 | D:5      | Reached skill level 9 in Polearms
  5466 | D:5      | Reached XP level 8. HP: 73/73 MP: 7/7
  5484 | D:5      | Reached ** piety under Zin
  5765 | D:6      | Found a runed translucent gate.
  5766 | D:6      | Found a runed translucent gate.
  5766 | D:6      | Found a runed translucent gate.
  5768 | D:6      | Noticed Coyote68's ghost (novice HOFi)
  5769 | D:6      | Identified the +2 plate armour of Lies {rElec rC- Regen+}
  5882 | D:6      | Reached skill level 10 in Polearms
  6438 | D:6      | Reached skill level 11 in Polearms
  6578 | D:6      | Reached XP level 9. HP: 66/83 MP: 8/8
  6671 | D:6      | Reached *** piety under Zin
  6803 | D:6      | Found a white marble altar of Elyvilon.
  7200 | D:7      | Reached skill level 1 in Invocations
  7210 | D:7      | Reached skill level 1 in Dodging
  7227 | D:7      | Reached skill level 12 in Polearms
  7338 | D:7      | Noticed Menkaure
  7346 | D:7      | Killed Menkaure
  7797 | D:7      | Found a broken altar of Ashenzari.
  7797 | D:7      | Noticed Dowan
  7798 | D:7      | Noticed Duvessa
  7799 | D:7      | Identified the +1 ring mail of Loifux {rElec}
  7812 | D:7      | Killed Duvessa
  7818 | D:7      | Killed Dowan
  7923 | D:7      | Reached **** piety under Zin
  8422 | D:8      | Reached skill level 5 in Armour
  8477 | D:8      | Noticed a +0 spear
  8478 | D:8      | Noticed a +0 falchion
  8479 | D:8      | Noticed a +0 dagger
  8489 | D:8      | Noticed a +0 short sword
  8489 | D:8      | Noticed a +0 short sword
  8491 | D:8      | Noticed a +0 dagger
  8491 | D:8      | Noticed a +0 spear
  8491 | D:8      | Noticed a +0 falchion
  8493 | D:8      | Found a hide-covered altar of Uskayaw.
  8665 | D:8      | Identified the +5 war axe of Subjectivity {drain, rC+
                  | Str+2}
  8773 | D:8      | Reached XP level 10. HP: 44/92 MP: 12/12
  9187 | D:8      | Reached skill level 13 in Polearms
  9816 | D:9      | Identified the +3 plate armour "Omerior" {rC++ Str+4 Dex-3}
  9987 | D:9      | Reached skill level 5 in Invocations
 10284 | D:9      | Found a shimmering altar of Xom.
 10616 | D:9      | Reached skill level 10 in Fighting
 11150 | D:10     | Entered Level 10 of the Dungeon
 11615 | D:10     | Found a radiant altar of Vehumet.
 11881 | D:10     | Noticed a two-headed ogre
 11925 | D:10     | Killed a two-headed ogre
 11933 | D:10     | HP: 3/94 [yak (10)]
 11935 | D:10     | Reached XP level 11. HP: 4/101 MP: 14/14
 12550 | D:10     | Found a staircase to the Orcish Mines.
 12693 | D:11     | Reached skill level 14 in Polearms
 12693 | D:11     | Reached skill level 5 in Dodging
 12694 | D:11     | Noticed a six-headed hydra
 12915 | Orc:1    | Entered Level 1 of the Orcish Mines
 12946 | D:11     | You fall into a shaft and drop 1 floor!
 12956 | D:12     | Found a shimmering altar of Xom.
 12956 | D:12     | Found a shimmering altar of Xom.
 12956 | D:12     | Found a shimmering altar of Xom.
 12956 | D:12     | Found a shimmering altar of Xom.
 12957 | D:12     | Found a shimmering altar of Xom.
 12967 | D:12     | Found Qyjoh's Jewellery Boutique.
 12979 | D:11     | Noticed a two-headed ogre
 12985 | D:11     | Killed a two-headed ogre
 12995 | D:11     | Noticed a four-headed hydra
 13011 | D:11     | Killed a four-headed hydra
 13044 | D:11     | Killed a six-headed hydra
 13415 | D:11     | Identified the +6 quarterstaff of Karma {antimagic, rF-
                  | Int+7 Dex+6}
 13421 | D:11     | Found a staircase to the Lair.
 13448 | D:11     | Reached ***** piety under Zin
 13922 | Lair:1   | Entered Level 1 of the Lair of Beasts
 14310 | Lair:1   | Reached skill level 15 in Polearms
 14718 | Lair:1   | Reached XP level 12. HP: 110/110 MP: 17/17
 15253 | Lair:2   | Found a staircase to the Snake Pit.
 15254 | Lair:2   | Noticed a seven-headed hydra
 15255 | Lair:2   | Noticed a six-headed hydra
 15258 | Lair:2   | Noticed a seven-headed hydra
 15270 | Lair:2   | Killed a ten-headed hydra
 15272 | Lair:2   | Zin protects you from harm!
 15289 | Lair:2   | Slain by a black mamba

Illustrated notes

Levels and vault maps discovered:
D:1:      minmay_arrival_semitransparent, layout_rooms,
          hellmonk_ecumenical_altar_inner_sanctum
D:2:      minmay_diamond_boxcup, layout_loops_ring, basic_altar, hex_tiny
D:3:      layout_basic, uniq_grinder
D:4:      layout_cave_pools, yredelemnul_forgotten_temple_becter,
          chequers_serial_rivers_micro_e
D:5:      layout_loops_ring, minmay_temple_entry_statues_fountains,
          goddamned_bats
D:6:      layout_loops_corners, kennysheep_little_box,
          biasface_ghost_orc_armoury, serial_undead, serial_undead_e,
          serial_undead_c, serial_undead_f, serial_undead_c
D:7:      layout_basic, cheibrodos_ashenzari_chains, uniq_menkaure, uniq_duvessa
D:8:      layout_basic, nicolae_uskayaw_en_pointe
D:9:      layout_layer_cave, mainiacjoe_overflow_catwalk
D:10:     layout_small_grid, vehumet_statue, david_orc_2,
          minmay_misc_feat_secret_circle
D:11:     layout_rooms, due_lair_maze_entry_diamond,
          nrook_guardian_serpent_double
D:12:     layout_rooms, serial_shops, nicolae_shop_competitors_out_of_business,
          xom_redecorated
Temple:   kb_temple_of_zot
Lair:1:   layout_roguey [special_room_bee], infiniplex_staircase_pool
Lair:2:   layout_roguey, minmay_snake_entry_six_corridors
Orc:1:    nicolae_orc_accident_2, layout_caves, david_defended_altar_orc

Skill      XL: |  1  2  3  4  5  6  7  8  9 10 11 |
---------------+----------------------------------+-----
Polearms       | 3 4 6 7 9 11 12 13 15 | 15.4
Fighting       | 4 5 6 7 9 10 11 | 11.6
Invocations    | 4 6 8 |  8.9
Armour         | 5 6 8 |  8.4
Dodging        | 3 4 6 |  6.7
Shields        | |  3.7

Action                   |  1- 3 |  4- 6 |  7- 9 | 10-12 || total
-------------------------+-------+-------+-------+-------++-------
Melee: Trident           |   117 |    78 |   454 |   273 ||   922
       Headbutt          |    10 |     9 |    62 |    88 ||   169
       Glaive            |       |       |       |   163 ||   163
       Punch             |       |       |       |     2 ||     2
Throw: Dart              |       |     6 |       |       ||     6
       Boomerang         |       |     3 |       |       ||     3
Invok: Donate Gold       |       |       |     1 |       ||     1
       Recite            |       |       |     4 |     4 ||     8
       Vitalisation      |       |       |     1 |     6 ||     7
  Use: Scroll            |     1 |     2 |    10 |    11 ||    24
       Potion            |       |     1 |       |     4 ||     5
 Stab: Invisible         |       |       |       |     2 ||     2
Armor: Scale mail        |    36 |    26 |    12 |       ||    74
       Chain mail        |       |       |   172 |    14 ||   186
       Plate armour      |       |       |       |   200 ||   200
Dodge: Dodged            |    45 |    35 |   116 |   146 ||   342
Block: Buckler           |    20 |    13 |    63 |    23 ||   119
